 Dungeon Crawl Stone Soup version 0.25.1-2-g60ff931df9 (webtiles) character file.

Game seed: 3393290987994869652

121 DogServant the Chopper (level 5, 0/48 HPs)
             Began as a Hill Orc Monk on Nov 12, 2020.
             Slain by a centaur (4 damage)
             ... on level 2 of the Dungeon.
             The game lasted 00:02:34 (2196 turns).

DogServant the Chopper (Hill Orc Monk)              Turns: 2196, Time: 00:02:34

Health: 0/48       AC:  6    Str: 15    XL:     5   Next: 5%
Magic:  5/5        EV: 11    Int: 10    God:
Gold:   38         SH:  0    Dex: 13    Spells: 4/4 levels left

rFire    . . .     SeeInvis .   a - +0 hand axe
rCold    . . .     Gourm    .   (no shield)
rNeg     . . .     Faith    +   d - +0 ring mail
rPois    .         Spirit   .   l - +0 hat
rElec    .         Reflect  .   (no cloak)
rCorr    .         Harm     .   h - +0 pair of gloves
MR       .....                  (no boots)
Stlth    +.........             e - amulet of faith
HPRegen  0.16/turn              (no ring)
MPRegen  0.09/turn              (no ring)

@: starving
A: no striking features
a: no special abilities


You were on level 2 of the Dungeon.
You were starving.

You visited 1 branch of the dungeon, and saw 2 of its levels.

You collected 38 gold pieces.

Inventory:

Hand Weapons
 a - a +0 hand axe (weapon)
Missiles
 j - 16 poisoned darts (quivered)
Armour
 b - a +0 robe
 d - a +0 ring mail (worn)
 h - a +0 pair of gloves (worn)
 l - a +0 hat (worn)
Jewellery
 e - an amulet of faith (around neck)
Scrolls
 i - a scroll of identify {unknown}
 k - a scroll of enchant weapon {unknown}
Potions
 f - a potion of haste {unknown}
 g - 2 potions of brilliance {unknown}
Comestibles
 c - 4 rations


   Skills:
 + Level 5.4 Fighting
 + Level 5.9 Axes
 + Level 0.0 Armour
 - Level 2.4 Dodging
 - Level 1.5 Stealth


You had 4 spell levels left.
You didn't know any spells.
Your spell library contained the following spells:

 Spells                   Type           Power        Failure   Level  Hunger
 Animate Skeleton         Necr           N/A          58%         1    ##.....
 Apportation              Tloc           #.....       58%         1    ##.....
 Corona                   Hex            #......      58%         1    ##.....
 Summon Small Mammal      Summ           #...         58%         1    ##.....


Dungeon Overview and Level Annotations

Branches:
Dungeon (2/15)

Altars:
Kikubaaqudgha
The Shining One


Message History

You hit the centaur.
The centaur is severely wounded.
The centaur hits you but does no damage.
The centaur closely misses you.
You hit the centaur.
The centaur is severely wounded.
The centaur hits you!
* * * LOW HITPOINT WARNING * * *
You hit the centaur.
The centaur is almost dead.
The centaur barely misses you. The centaur hits you.
* * * LOW HITPOINT WARNING * * *
You hit the centaur but do no damage.
The centaur is almost dead.
The centaur hits you.
* * * LOW HITPOINT WARNING * * *
You hit the centaur but do no damage.
The centaur is almost dead.
The centaur hits you.
You die...

####.#####
#........####
#...(....'..#
#####........##.#
.............##.#
#.........##.#
#.........##.#
#.#'#(######.#
###.#.#@### #.#
#.....(c..####.#######.
#.#.#.#(#.#............
#.....#.#.##.........
#.#.....#.##.#######. #
#.....#.#.##.#
#.##....#.#.##.#
#.......#.#.##.#
####.<..#.#.##.# ##


You could see a centaur.

Vanquished Creatures
  An iguana (D:2)
  2 adders (D:2)
  3 gnolls (D:2)
  A worm (D:2)
  3 dart slugs
  3 leopard geckos
  5 goblins
  4 hobgoblins
  4 kobolds (D:1)
  2 ball pythons (D:1)
  7 bats
  A frilled lizard (D:2)
  4 rats
40 creatures vanquished.

Notes
Turn   | Place    | Note
-------+----------+-------------------------------------------
     0 | D:1      | DogServant the Hill Orc Monk began the quest for the Orb.
     0 | D:1      | Reached XP level 1. HP: 19/19 MP: 1/1
   135 | D:1      | Reached XP level 2. HP: 27/27 MP: 2/2
   542 | D:1      | Reached XP level 3. HP: 34/34 MP: 3/3
   891 | D:2      | Reached skill level 5 in Axes
   970 | D:2      | Found an ancient bone altar of Kikubaaqudgha.
   972 | D:2      | Found a glowing golden altar of the Shining One.
  1220 | D:2      | Reached XP level 4. HP: 24/41 MP: 4/4
  1596 | D:2      | Reached skill level 5 in Fighting
  1951 | D:2      | Reached XP level 5. HP: 25/48 MP: 5/5
  2149 | D:2      | Noticed a centaur
  2196 | D:2      | Slain by a centaur

Illustrated notes

Levels and vault maps discovered:
D:1:      dpeg_arrival_orchard, layout_basic
D:2:      minmay_wonky_spiral, layout_basic, nicolae_overflow_hidden_temple

Skill      XL: |  1  2  3  4 |
---------------+-------------+-----
Fighting       | 4 5 |  5.4
Axes           | 5 |  5.9
Dodging        | |  2.4
Stealth        | |  1.5

Action                   |  1- 3 |  4- 6 || total
-------------------------+-------+-------++-------
Melee: Hand axe          |    97 |    64 ||   161
 Stab: Sleeping          |     6 |       ||     6
  Eat: Chunk             |     1 |     1 ||     2
Armor: Robe              |    25 |    11 ||    36
       Ring mail         |       |     7 ||     7
Dodge: Dodged            |    88 |    44 ||   132
